 Dungeon Crawl Stone Soup version 0.23.0-3-gf3c87f2 (webtiles) character file.

Game seed: 13960223876141773728

187 Lanoc the Chopper (level 5, 0/46 HPs)
             Began as a Minotaur Gladiator on Feb 23, 2019.
             Slain by an orc
             ... wielding a +0 hand axe
              (8 damage)
             ... on level 3 of the Dungeon.
             The game lasted 00:02:12 (1845 turns).

Lanoc the Chopper (Minotaur Gladiator)              Turns: 1845, Time: 00:02:13

Health: 0/46       AC:  3    Str: 19    XL:     5   Next: 39%
Magic:  4/4        EV: 13    Int:  5    God:
Gold:   112        SH:  0    Dex: 12    Spells: 4/4 levels left

rFire    . . .     SeeInvis .   a - +0 war axe
rCold    . . .     Gourm    .   (no shield)
rNeg     . . .     Faith    .   b - +0 leather armour
rPois    .         Spirit   .   c - +0 hat
rElec    .         Reflect  .   (no cloak)
rCorr    .         Harm     .   (no gloves)
MR       .....                  (no boots)
Stlth    +.........             (no amulet)
HPRegen  0.15/turn              (no ring)
MPRegen  0.09/turn              (no ring)

@: no status effects
A: retaliatory headbutt, horns 2
a: no special abilities


You were on level 3 of the Dungeon.
You were not hungry.

You visited 1 branch of the dungeon, and saw 3 of its levels.

You collected 112 gold pieces.

Inventory:

Hand Weapons
 a - a +0 war axe (weapon)
Missiles
 d - 3 throwing nets (quivered)
Armour
 b - a +0 leather armour (worn)
 c - a +0 hat (worn)
Scrolls
 e - 2 scrolls of magic mapping {unknown}
 h - 2 scrolls of identify {unknown}
 j - 2 scrolls of amnesia {unknown}
 l - 3 scrolls of enchant weapon {unknown}
 m - a scroll of fear {unknown}
Potions
 g - a potion of mutation {unknown}
 i - 2 potions of cancellation {unknown}
 k - a potion of flight {unknown}
 o - 2 potions of curing {unknown}
Comestibles
 f - 4 rations


   Skills:
 + Level 3.7 Fighting
 * Level 5.4 Axes
 - Level 2.0 Throwing
 + Level 2.6 Armour
 + Level 4.2 Dodging


You had 4 spell levels left.
You didn't know any spells.
Your spell library was empty.

Dungeon Overview and Level Annotations

Branches:
Dungeon (3/15)

Altars:
Sif Muna
Wu Jian

Annotations:
D:3 2 transporters


Innate Abilities, Weirdness & Mutations

You reflexively headbutt those who attack you in melee.
You have a pair of horns on your head.


Message History

You kill the bat!
You slash the orc!
You kill the orc!
You barely miss the orc. The orc hits you with a +0 short sword.
The orc priest mumbles some strange prayers to Beogh against you.
Beogh smites you!
You hit the orc. Your headbutt misses the orc.
The orc is moderately wounded.
The orc hits you with a +0 short sword.
The orc priest calls down the wrath of Beogh upon you.
Beogh smites you!
* * * LOW HITPOINT WARNING * * *
You slash the orc!
You kill the orc!
You hit the orc. The orc hits you with a +0 hand axe.
* * * LOW HITPOINT WARNING * * *
You slash the orc priest!
The orc priest is severely wounded.
You hit the orc but do no damage. The orc hits you with a +0 hand axe!
You die...

#.######.#
#.######.#
#........#
#######... ##..
##...#######
#..........########
###...).###...[....#
......o@.....#####.#
.##...o.##...#
##.### ##...###...#
##...##. ##.#
#...###.....#.# #.
#..))..........
#.####...###..<..#.#
#........# ##...##.#
#####...# ##.###..
#...#####.#....


You could see an orc priest and an orc.

Vanquished Creatures
  A crimson imp (D:2)
  2 orc wizards (D:3)
  4 adders
  2 dart slugs
  A leopard gecko (D:1)
  8 orcs (D:3)
  4 giant cockroaches
  4 goblins (D:3)
  6 hobgoblins
  5 jackals
  A quokka (D:3)
  3 bats
  4 frilled lizards
  3 kobolds
  5 rats
53 creatures vanquished.

Notes
Turn   | Place    | Note
-------+----------+-------------------------------------------
     0 | D:1      | Lanoc the Minotaur Gladiator began the quest for the Orb.
     0 | D:1      | Reached XP level 1. HP: 18/18 MP: 0/0
   399 | D:1      | Reached XP level 2. HP: 21/25 MP: 1/1
   399 | D:1      | Reached skill level 4 in Axes
   483 | D:1      | Reached skill level 1 in Armour
   547 | D:2      | Found a deep blue altar of Sif Muna.
   756 | D:2      | Noticed a crimson imp
   782 | D:2      | Killed a crimson imp
   782 | D:2      | Reached XP level 3. HP: 24/31 MP: 2/2
   840 | D:2      | Found an ornate altar of the Wu Jian Council.
   971 | D:2      | Reached XP level 4. HP: 16/38 MP: 3/3
  1466 | D:3      | Found a transporter.
  1472 | D:3      | Found a transporter.
  1538 | D:3      | Reached skill level 5 in Axes
  1556 | D:3      | Reached XP level 5. HP: 32/45 MP: 4/4
  1845 | D:3      | Slain by an orc

Skill      XL: |  1  2  3  4 |
---------------+-------------+-----
Axes           | 4 5 |  5.4
Armour         | 1 2 |  2.6
Fighting       | 3 |  3.7
Dodging        | 4 |  4.2
Throwing       | |  2.0

Action                   |  1- 3 |  4- 6 || total
-------------------------+-------+-------++-------
Melee: War axe           |    60 |    68 ||   128
       Headbutt          |     9 |     6 ||    15
 Stab: Sleeping          |       |     1 ||     1
  Eat: Chunk             |       |     3 ||     3
Armor: Leather armour    |    14 |    14 ||    28
Dodge: Dodged            |    40 |    45 ||    85
